 Dungeon Crawl Stone Soup version 0.28-a0-10-g964c8b829e (webtiles) character file.

Game seed: 8293582850827520097

5203 lmSkywalker the Stinger (level 8, -37/70 HPs)
             Began as a Grey Draconian Venom Mage on July 26, 2021.
             Was a High Priest of Ru.
             Shot with a bolt by a yaktaur captain (45 damage)
             ... on level 9 of the Dungeon.
             The game lasted 01:00:26 (15582 turns).

lmSkywalker the Stinger (DrVM)                     Turns: 15582, Time: 01:00:26

Health: -37/70     AC: 14    Str: 17    XL:     8   Next: 35%
Magic:  10/16      EV: 18    Int: 28    God:    Ru [*****.]
Gold:   502        SH:  0    Dex: 11    Spells: 8/18 levels left

rFire   . . .      SeeInvis .   I - +2 dagger (venom)
rCold   . . .      Faith    +   (shield unavailable)
rNeg    . . .      Spirit   .   (armour unavailable)
rPois   .          Reflect  .   (helmet restricted)
rElec   .          Harm     .   z - scarf {+Inv}
rCorr   .          Rampage  .   t - +2 pair of gloves
Will    .....                   (no boots)
Stlth   +.........              r - amulet of faith
HPRegen 0.21/turn               (ring unavailable)
MPRegen 0.15/turn               s - ring of Cohub {Contam EV+4 Str+7 Int+9 Stlth-}

@: horrified
A: AC +11, amphibious, unfitting armour, cold-blooded, missing a hand, cowardly,
inexperienced 1
a: Renounce Religion, Evoke Invisibility, Draw Out Power, Power Leap, Apocalypse


You were on level 9 of the Dungeon.
You worshipped Ru.
Ru was extremely pleased with you.
You visited 2 branches of the dungeon, and saw 10 of its levels.

You collected 502 gold pieces.

Inventory:

Hand Weapons
 I - a +2 dagger of venom (weapon)
Missiles
 b - 51 poisoned darts (quivered)
 E - 5 silver javelins
Armour
 t - a +2 pair of gloves (worn)
 z - a scarf of invisibility (worn)
Jewellery
 c - a ring of protection from cold
 r - an amulet of faith (around neck)
 s - the ring of Cohub (right hand) {Contam EV+4 Str+7 Int+9 Stlth-}
   (You found it on level 4 of the Dungeon)

   [ring of evasion]

   EV:        It affects your evasion (+4).
   Str:       It affects your strength (+7).
   Int:       It affects your intelligence (+9).
   Contam:    It causes magical contamination when unequipped.
   Stlth:     It makes you less stealthy.
Wands
 v - a wand of iceblast (16)
 x - a wand of paralysis (17)
 F - a wand of flame (13)
Scrolls
 e - a scroll of blinking {unknown}
 f - 3 scrolls of noise
 h - a scroll of amnesia
 i - 4 scrolls of enchant armour
 j - 2 scrolls of fog {unknown}
 k - 2 scrolls of teleportation
 m - 2 scrolls of vulnerability
 n - a scroll of enchant weapon {unknown}
 o - 2 scrolls of torment
 q - 2 scrolls of immolation
 u - a scroll of summoning
 y - 4 scrolls of magic mapping
Potions
 a - 2 potions of ambrosia
 d - 4 potions of cancellation
 g - 3 potions of heal wounds
 l - 4 potions of curing
 p - 4 potions of flight
 w - 4 potions of brilliance
 A - a potion of attraction
 B - 2 potions of lignification {unknown}
 C - a potion of degeneration
 D - 2 potions of haste
 G - a potion of mutation {unknown}
 H - a potion of might


   Skills:
 + Level 6.2 Fighting
 - Level 1.5 Short Blades
 + Level 6.4 Dodging
 - Level 2.5 Stealth
 + Level 3.1 Unarmed Combat
 - Level 5.7 Spellcasting
 - Level 3.6 Conjurations
 + Level 3.1 Transmutations
 - Level 2.5 Air Magic
 - Level 6.7 Poison Magic
 + Level 5.1 Evocations


You had 8 spell levels left.
You knew the following spells:

 Your Spells              Type           Power      Damage    Failure   Level
a - Sting                 Tmut/Pois      100%       1d8       1%          1
b - Poisonous Vapours     Pois/Air       52%        N/A       1%          2
c - Mephitic Cloud        Conj/Pois/Air  24%        N/A       3%          3
d - Olgreb's Toxic Radia  Pois           35%        N/A       3%          4

Your spell library contained the following spells:

 Spells                   Type           Power      Damage    Failure   Level
 Magic Dart               Conj           84%        1d7       1%          1
 Shock                    Conj/Air       76%        1d7       1%          1
 Searing Ray              Conj           42%        3d4       1%          2
 Fulminant Prism          Conj/Hex       7%         3d7       28%         4
 Irradiate                Conj/Tmut      10%        3d16      38%         5
 Blade Hands              Tmut           9%         N/A       43%         5
 Dragon Form              Tmut           9%         N/A       100%        7


Dungeon Overview and Level Annotations

Branches:
Dungeon (9/15)             Temple (1/1) D:4            Lair (0/6) D:8
    Orc: D:9-12

Altars:
Cheibriados
Dithmenos
Elyvilon
Fedhas
Gozag
Kikubaaqudgha
Makhleb
Nemelex Xobeh
Ru
Sif Muna
Trog
Uskayaw
Vehumet
Wu Jian
Xom
Yredelemnul
Zin

Annotations:
D:2 Terence


Innate Abilities, Weirdness & Mutations

Your dull iron-grey scales are very hard. (AC +11)
You are amphibious.
You cannot fit into any form of body armour.
You are cold-blooded and may be slowed by cold attacks.
You are missing a hand.
Your cowardice makes you less effective in combat with threatening monsters.
You are somewhat inexperienced. (-2 XL)


Message History

The steam dragon barely misses you.
The steam dragon claws you but does no damage.
You reel with horror at the sight of these foes!
The yaktaur captain shouts!
You hit the steam dragon but do no damage.
The steam dragon looks as sick as possible!
Your tail-slap misses the steam dragon.
The steam dragon is severely wounded.
The steam dragon misses you.
The steam dragon claws you but does no damage.
Casting: Mephitic Cloud (dangerous; 3% risk of failure)
Confirm with . or Enter, or press ? or * to list all spells.
Aiming: Poisonous Vapours (safe; 1% risk of failure)
Press: ? - help, Dir - move target, f - yaktaur captain
Aim: a yaktaur captain, quivering bolts Poisonous vapours surround the yaktaur captain!
The yaktaur captain is poisoned.
The yaktaur captain wields a +0 arbalest.
The yaktaur captain shoots a bolt.
The bolt hits you!!
Casting: Poisonous Vapours (safe; 1% risk of failure)
Confirm with . or Enter, or press ? or * to list all spells.
Aiming: Mephitic Cloud (dangerous; 3% risk of failure)
Press: ? - help, Shift-Dir - straight line, f/p - yaktaur captain
Aim: a yaktaur captain, wielding a +0 arbalest and quivering bolts (very poisoned, chance to affect: 34%)
The ball explodes into a vile cloud!
The stinking cloud engulfs the yaktaur captain but does no damage.
You hear an angry buzzing noise.
You hear a shout!
You feel a bit more experienced.
The yaktaur captain is engulfed in noxious fumes.
The yaktaur captain shoots a bolt.
The bolt hits you!
The yaktaur captain is engulfed in noxious fumes.
The yaktaur captain shoots a bolt.
The bolt hits you!!
* * * LOW HITPOINT WARNING * * *
There is an open door, spattered with blood here.
As you close the door, it creaks loudly!
Something unseen opens the door.
You feel a twist of horror at the sight of this foe.
The yaktaur captain shoots a bolt.
The bolt hits you!!!
Ouch! That really hurt!
You die...

#################
#.........@.....#
#.........#####.#
#≈≈≈≈≈≈≈≈≈#
#.###########
#≈≈≈≈≈≈≈≈≈#
#.........<.#
#8≈≈≈≈≈≈≈8#
###.......).#
#####c#####
###.........#
#.........+
#......)....#
#.........#
###.........#
+..#####..#####
#.......)).


You could see a yaktaur captain (poisoned).

Vanquished Creatures
  Erica (D:8)
  Pikel (D:8)
  Psyche (D:8)
  A komodo dragon (D:8)
  A troll (D:7)
  A wyvern (D:7)
  A steam dragon (D:9)
  3 water moccasins
  An ice beast (D:7)
  An orc warrior (D:8)
  2 sky beasts
  4 necrophages
  A centaur (D:9)
  A phantom (D:5)
  4 lemures
  4 scorpions
  A wyvern zombie (D:8)
  A wyvern skeleton (D:5)
  5 killer bees (D:7)
  4 wights
  A bullfrog zombie (D:6)
  2 jellies
  2 orc priests (D:7)
  A gnoll shaman (D:7)
  3 hounds
  A centaur skeleton (D:7)
  3 bullfrog skeletons
  3 centaur zombies
  3 iguanas
  Natasha (twice) (D:2)
  6 orc wizards
  A killer bee zombie (D:7)
  A hound skeleton (D:5)
  A howler monkey zombie (D:4)
  15 adders
  14 gnolls
  2 white imps (D:7)
  2 worms (D:2)
  3 dart slugs
  23 orcs
  6 bats
  6 endoplasms
  4 giant cockroaches
  13 goblins
  11 hobgoblins
  4 jackals
  7 quokkas
  7 ball pythons
  A frilled lizard (D:1)
  8 kobolds
  8 rats
203 creatures vanquished.

Vanquished Creatures (others)
  A wight (D:6)
  A bullfrog skeleton (D:6)
  10 plants
12 creatures vanquished.

Grand Total: 215 creatures vanquished

Notes
Turn   | Place    | Note
-------+----------+-------------------------------------------
     0 | D:1      | lmSkywalker the Draconian Venom Mage began the quest for
                  | the Orb.
     0 | D:1      | Reached XP level 1. HP: 14/14 MP: 3/3
   423 | D:1      | Reached XP level 2. HP: 20/20 MP: 1/5
  1485 | D:1      | Reached skill level 1 in Unarmed Combat
  1524 | D:1      | Learned a level 2 spell: Poisonous Vapours
  1906 | D:2      | Reached XP level 3. HP: 26/26 MP: 4/6
  2121 | D:2      | Noticed Natasha
  2248 | D:2      | Killed Natasha
  2441 | D:2      | Noticed Terence
  2533 | D:2      | Reached XP level 4. HP: 30/33 MP: 0/7
  2559 | D:2      | Noticed Natasha
  2630 | D:2      | Reached skill level 1 in Short Blades
  2782 | D:2      | Reached skill level 1 in Air Magic
  3056 | D:2      | Killed Natasha
  3178 | D:2      | Found a faded altar of an unknown god.
  3385 | D:2      | Reached XP level 5. HP: 38/38 MP: 6/9
  3752 | D:3      | Learned a level 3 spell: Mephitic Cloud
  5117 | D:3      | Found a hide-covered altar of Uskayaw.
  5186 | D:4      | Found a staircase to the Ecumenical Temple.
  5293 | Temple   | Entered the Ecumenical Temple
  5473 | D:4      | Reached skill level 1 in Conjurations
  5473 | D:4      | Reached XP level 6. HP: 37/45 MP: 0/10
  5552 | D:4      | Found a sacrificial altar of Ru.
  5696 | D:4      | Became a worshipper of Ru the Awakened
  6422 | D:4      | Identified the ring of Cohub {Contam EV+4 Str+7 Int+9
                  | Stlth-}
  6653 | D:5      | Entered Level 5 of the Dungeon
  6939 | D:5      | Your scales start taking on a dull iron-grey colour.
  6939 | D:5      | Reached XP level 7. HP: 51/51 MP: 12/12
  7364 | D:5      | Found a shadowy altar of Dithmenos.
  7697 | D:5      | Reached skill level 1 in Fighting
  7871 | D:5      | Gained mutation: You are missing a hand. [Ru sacrifice]
  7871 | D:5      | Reached * piety under Ru
  7871 | D:5      | Reached ** piety under Ru
  7871 | D:5      | Reached *** piety under Ru
  8945 | D:5      | Learned a level 4 spell: Olgreb's Toxic Radiance
  9483 | D:6      | Reached skill level 5 in Poison Magic
  9665 | D:6      | Reached XP level 8. HP: 61/61 MP: 6/14
 10593 | D:6      | Reached skill level 1 in Evocations
 10787 | D:6      | Found a shimmering blue altar of Sif Muna.
 10866 | D:6      | Got Sif Muna's Almanac of Weightlessness
 11529 | D:6      | Gained mutation: You are somewhat inexperienced. (-2 XL)
                  | [Ru sacrifice]
 11529 | D:6      | Reached XP level 7. HP: 58/58 MP: 0/14
 11529 | D:6      | Reached XP level 6. HP: 52/52 MP: 0/13
 11529 | D:6      | Reached **** piety under Ru
 11910 | D:7      | Noticed a troll
 11938 | D:7      | Killed a troll
 11939 | D:7      | Reached skill level 5 in Dodging
 11939 | D:7      | Reached skill level 5 in Spellcasting
 11939 | D:7      | Reached XP level 7. HP: 56/59 MP: 2/14
 12896 | D:7      | Found a basalt altar of Yredelemnul.
 12896 | D:7      | Found an opulent altar of Gozag.
 12990 | D:8      | Noticed Pikel
 13363 | D:8      | Noticed Psyche
 13374 | D:8      | Killed Psyche
 13375 | D:8      | Reached skill level 5 in Fighting
 14394 | D:8      | Killed Pikel
 14395 | D:8      | Reached XP level 8. HP: 70/70 MP: 8/16
 14771 | D:8      | Noticed Erica
 14787 | D:8      | Killed Erica
 14973 | D:8      | Found a staircase to the Lair.
 15010 | D:8      | Reached skill level 5 in Evocations
 15310 | D:9      | Found a glowing silver altar of Zin.
 15395 | D:9      | Gained mutation: Your cowardice makes you less effective in
                  | combat with threatening monsters. [Ru sacrifice]
 15395 | D:9      | Reached ***** piety under Ru
 15569 | D:9      | Noticed a yaktaur captain
 15582 | D:9      | Shot with a bolt by a yaktaur captain

Illustrated notes

Levels and vault maps discovered:
D:1:      heliophobic_arrival_dark_side_of_the_moon, layout_basic
D:2:      layout_rooms, shapermc_ecumenical_altar_starsandcircs,
          hangedman_decor_peaks_small, chequers_serial_rivers_room_b,
          minivault_24, minmay_fountain_box, minmay_between, uniq_terence,
          uniq_natasha
D:3:      layout_loops_ring, nicolae_uskayaw_suspiria, minmay_snake_closets
D:4:      layout_cave_pools, mainiacjoe_overflow_alcove_2,
          minmay_temple_entry_mist
D:5:      corexii_shantytown, layout_basic, grunt_dithmenos_shadows
D:6:      layout_basic, led_sif_book, portal_sewer_entry_d,
          chequers_serial_rivers_micro_b
D:7:      layout_basic, chequers_temple_overflow_statue_of_worship,
          minmay_misc_feat_pillars, minmay_tree_intersection,
          minmay_misc_feat_cross, kennysheep_generic_room_7
D:8:      layout_gridville, david_lair_shrubbed, uniq_psyche, uniq_pikel,
          uniq_erica
D:9:      layout_roguey, lemuel_tele_altar, nicolae_tso_swordbearing_angel,
          special_room [special_room_bee], evilmike_minifort
Temple:   eino_temple_lava

Skill      XL: |  1  2  3  4  5  6  7  8 |
---------------+-------------------------+-----
Dodging        | 2 3 5 6 |  6.4
Unarmed Combat | 1 2 3 |  3.1
Short Blades   | 1 |  1.5
Air Magic      | 1 2 |  2.5
Spellcasting   | 3 5 4 |  5.7
Poison Magic   | 4 6 5 |  6.7
Conjurations   | 1 2 3 |  3.6
Fighting       | 4 5 6 |  6.2
Stealth        | 2 |  2.5
Evocations     | 4 5 |  5.1
Transmutations | 2 3 |  3.1

Action                   |  1- 3 |  4- 6 |  7- 9 || total
-------------------------+-------+-------+-------++-------
Melee: Dagger            |    27 |    93 |   345 ||   465
       Unarmed           |     3 |       |       ||     3
       Tailslap          |     3 |    12 |    54 ||    69
       Punch             |     1 |       |       ||     1
Throw: Dart              |     3 |     4 |       ||     7
 Cast: Sting             |    48 |   142 |   310 ||   500
       Poisonous Vapours |     2 |    27 |    58 ||    87
       Mephitic Cloud    |       |     2 |    41 ||    43
Invok: Sacrifice Experie |       |     1 |       ||     1
       Sacrifice a Hand  |       |       |     1 ||     1
       Sacrifice Courage |       |       |     1 ||     1
 Abil: Evoke Invisibilit |       |       |     1 ||     1
  Use: Scroll            |       |     7 |     9 ||    16
 Stab: Sleeping          |     1 |     3 |       ||     4
       Confused          |       |     1 |    13 ||    14
       Distracted        |       |       |     1 ||     1
       Invisible         |       |       |     4 ||     4
Armor: Skin              |    12 |    50 |   166 ||   228
Dodge: Dodged            |    25 |   145 |   379 ||   549

Table legend: (Time is in decaauts)
 A = Elapsed time spent in this place.
 B = Non-inter-level travel time spent in this place.
 C = Inter-level travel time spent in this place.
 D = Time resting spent in this place.
 E = Time spent auto-exploring this place.
 F = Levels seen in this place.
 G = Mean time per level.
                   A        B        C        D        E       F      G
               +--------+--------+--------+--------+--------+-----+--------+
         Total |  15569 |  14784 |    785 |   5611 |   3335 |  10 | 1556.9 |
       Dungeon |  15482 |  14699 |    783 |   5611 |   3267 |   9 | 1720.2 |
        Temple |     86 |     84 |      2 |      0 |     68 |   1 |   86.0 |
               +--------+--------+--------+--------+--------+-----+--------+

Top non-repeatable levels by time:
     D:5: 2556 daAuts
     D:7: 1989 daAuts
     D:8: 1953 daAuts
     D:6: 1925 daAuts
     D:1: 1922 daAuts
     D:3: 1749 daAuts
     D:2: 1569 daAuts
     D:4: 1488 daAuts
     D:9: 328 daAuts
  Temple: 86 daAuts
